 Dungeon Crawl Stone Soup version 0.32-a0-859-gb0a091d592 (webtiles) character file.

Game seed: 14201346686530623631

8404 mdonais the Skirmisher (level 11, -10/72 HPs)
             Began as an Octopode Wanderer on Mar 27, 2024.
             Was a Believer of Hepliaklqana.
             Mangled by a swamp worm (21 damage)
             ... on level 10 of the Dungeon.
             The game lasted 00:38:27 (10480 turns).

mdonais the Skirmisher (Octopode Wanderer)         Turns: 10480, Time: 00:38:27

Health: -10/72     AC:  2    Str: 11    XL:     11   Next: 30%
Magic:  12/12      EV: 17    Int: 17    God:    Hepliaklqana [**....]
Gold:   484        SH:  0    Dex: 20    Spells: 7/12 levels left

rFire   . . .        b - +6 sling
rCold   . . .        (no shield)
rNeg    . . .        c - +1 hat
rPois   .            D - amulet of magic regeneration
rElec   .            z - +6 ring of intelligence
rCorr   .            (no ring)
SInv    .            (no ring)
Will    .....        (no ring)
Stlth   +++++        (no ring)
HPRegen 0.32/turn    (no ring)
MPRegen 0.53/turn    (no ring)
                     (no ring)

%: no passive effects
@: about to teleport
A: reduced essence, almost no armour, amphibious, 8 rings, camouflage 1,
gelatinous body 1, nimble swimmer 1, tentacles
a: Renounce Religion, Ancestor Life: Knight, Ancestor Life: Battlemage, Ancestor
Life: Hexer, Recall Ancestor, Ancestor Identity


You were on level 10 of the Dungeon.
You worshipped Hepliaklqana.
Hepliaklqana was pleased with you.
You visited 2 branches of the dungeon, and saw 11 of its levels.

You collected 562 gold pieces.
You spent 78 gold pieces at shops.

Inventory:

Hand Weapons
 a - a +2 quarterstaff
 b - a +6 sling (weapon)
   (You found it on level 3 of the Dungeon)
 d - a +1 short sword of electrocution
   (You took it off an orc warrior on level 6 of the Dungeon)
 o - a +2 dagger of venom
   (You took it off a goblin on level 2 of the Dungeon)
 x - a +2 short sword of freezing
   (You took it off an orc on level 6 of the Dungeon)
 C - a +0 orcbow
   (You took it off a centaur on level 8 of the Dungeon)
Missiles
 m - 20 poisoned darts
 t - 4 boomerangs
 F - 3 curare-tipped darts
Armour
 c - a +1 hat (worn)
 w - an orb of guile
   (You took it off an orc on level 6 of the Dungeon)
Magical Staves
 k - a staff of death
   (You found it on level 1 of the Dungeon)
Jewellery
 z - a +6 ring of intelligence (left tentacle)
   (You found it on level 7 of the Dungeon)
 D - an amulet of magic regeneration (around mantle)
   (You found it on level 9 of the Dungeon)
Wands
 p - a wand of warping (5)
   (You found it on level 6 of the Dungeon)
 E - a wand of mindburst (6)
   (You found it on level 10 of the Dungeon)
 V - a wand of flame (25)
   (You took it off Robin on level 2 of the Dungeon)
Scrolls
 e - 2 scrolls of revelation
 g - a scroll of enchant armour
 h - a scroll of butterflies {unknown}
 i - a scroll of fog
 l - a scroll of silence
 n - a scroll of acquirement {unknown}
 y - a scroll of torment {unknown}
 B - a scroll of vulnerability
 G - a scroll of noise {unknown}
Potions
 f - 2 potions of lignification
 j - 2 potions of heal wounds
 q - a potion of degeneration {unknown}
 r - a potion of magic {unknown}
 s - 3 potions of attraction
 u - 2 potions of resistance
 v - 2 potions of enlightenment
 A - 2 potions of cancellation {unknown}
 H - a potion of haste
 Q - 2 potions of curing


   Skills:
 - Level 10.0 Fighting
 - Level 1.0(2.7) Maces & Flails
 - Level 4.1(4.2) Staves
 + Level 11.1 Ranged Weapons
 - Level 7.0 Dodging
 - Level 5.0 Stealth
 - Level 1.0 Spellcasting
 - Level 3.0 Translocations
 - Level 2.0 Evocations


You had 7 spell levels left.
You knew the following spells:

 Your Spells              Type           Power      Damage    Failure   Level
a - Blink                 Tloc           22%        N/A       10%         2
b - Ozocubu's Armour      Ice            0%         N/A       54%         3

Your spell library contained the following spells:

 Spells                   Type           Power      Damage    Failure   Level
 Lesser Beckoning         Tloc           22%        N/A       10%         2
 Momentum Strike          Conj/Tloc      10%        3d8       17%         2
 Kiss of Death            Conj/Necr      0%         2d5       22%         1
 Sandblast                Erth           0%         2d4       22%         1
 Confusing Touch          Hex            0%         N/A       54%         3
 Frozen Ramparts          Ice            0%         1d1       54%         3
 Stone Arrow              Conj/Erth      0%         3d7       54%         3
 Brom's Barrelling Bould  Conj/Erth      0%         2d3       91%         4
 Dispel Undead            Necr           0%         3d6       91%         4
 Metabolic Englaciation   Hex/Ice        0%         N/A       99%         5


Dungeon Overview and Level Annotations

Branches:
Dungeon (10/15) Zot: 26787  Temple (1/1) D:4 Zot: 5981    Lair (0/5) D:8
    Orc: D:9-12

Altars:
Ashenzari
Cheibriados
Dithmenos
Elyvilon
Fedhas
Gozag
Hepliaklqana
Kikubaaqudgha
Makhleb
Nemelex Xobeh
Okawaru
Qazlal
Ru
Sif Muna
Trog
Uskayaw
Vehumet
Wu Jian
Xom
Yredelemnul
Zin
The Shining One

Shops:
D:6 *

Annotations:
D:3 2 transporters, Ikimono's ghost, amateur OnGl


Innate Abilities, Weirdness & Mutations

Your life essence is reduced to manifest your ancestor. (-10% HP)
You cannot wear most types of armour.
You are amphibious.
You can wear up to eight rings at the same time.
Your skin changes colour to match your surroundings (Stealth+).
Your rubbery body absorbs attacks. (AC +1, EV +1)
You are camouflaged when in or above water. (Stealth+)
You have tentacles for arms and can constrict up to eight enemies at once.


Message History

The sling bullet hits the plant!
The plant begins to die.
The plant is lightly damaged.
Riowkovo hits the plant!
Riowkovo hits the plant.
Riowkovo hits the plant.
Something bites the plant.
Riowkovo hits the plant.
A nearby plant withers and dies.
There is a stone staircase leading up here.
Found an amulet of magic regeneration.
A kobold comes into view. It is wielding a +0 short sword.
The kobold shouts!
A kobold comes into view. It is wielding a +0 dagger.
You swap places.
The kobold throws a stone.
The stone hits Riowkovo.
You shoot a sling bullet. Riowkovo avoids your attack.
The sling bullet hits the kobold!
You kill the kobold!
A kobold comes into view. It is wielding a +0 short sword.
Your Ranged Weapons skill increases to level 11!
You shoot a sling bullet. Riowkovo avoids your attack.
The sling bullet barely misses the kobold.
You hear a shout! x2
You shoot a sling bullet. Riowkovo avoids your attack.
The sling bullet hits the kobold!
You kill the kobold!
A kobold comes into view. It is wielding a +0 club.
You shoot a sling bullet. Riowkovo avoids your attack.
The sling bullet hits the kobold!
You kill the kobold!
You shoot a sling bullet. Riowkovo avoids your attack.
The sling bullet closely misses the kobold.
A kobold comes into view. It is wielding a +0 sling.
You shoot a sling bullet. Riowkovo avoids your attack.
The sling bullet hits the kobold.
You kill the kobold!
The kobold shoots a sling bullet.
The sling bullet closely misses Riowkovo.
The sling bullet hits you.
A kobold comes into view. It is wielding a +0 dagger.
You take 5 damage, and have 67/72 hp.
You shoot a sling bullet. Riowkovo avoids your attack.
The sling bullet hits the kobold!
You kill the kobold!
A kobold comes into view. It is wielding a +0 short sword.
You shoot a sling bullet. The sling bullet hits the kobold!
You kill the kobold!
A kobold brigand comes into view.
It is wielding a +0 dagger and quivering curare-tipped darts.
You shoot a sling bullet. Riowkovo avoids your attack.
The sling bullet hits the kobold.
You kill the kobold!
The kobold brigand hits Riowkovo with a +0 dagger.
You shoot a sling bullet. Riowkovo avoids your attack.
The sling bullet hits the kobold brigand!
The kobold brigand is severely wounded.
Riowkovo closely misses the kobold brigand.
You shoot a sling bullet. Riowkovo avoids your attack.
The sling bullet hits the kobold brigand!
The kobold brigand is almost dead.
The kobold brigand throws a curare-tipped dart.
The curare-tipped dart hits Riowkovo.
Riowkovo hits the kobold brigand!
The kobold brigand dies!
No target in view!
No target in view!
You swap places.
Items here: ( ))) ††.
Items here: ( )))) †.
F - 3 curare-tipped darts (gained 1)
Things that are here:
a +0 dagger; a kobold corpse Health restored: 72
Found a stone staircase leading down.
Things that are here:
a +0 dagger; a stone
Items here: ( )))) †.
Things that are here:
a +0 dagger; a kobold corpse
G - a scroll labelled ITITUO WEMERR
As you read the scroll of identify, it crumbles to dust.
g - a scroll of teleportation;
T - a scroll of teleportation
g - a scroll of enchant armour
Found 5 stones.
You enter the shallow water.
You shoot a sling bullet. The sling bullet hits the swamp worm.
The swamp worm is lightly wounded.
The swamp worm fires a harpoon shot at you.
The harpoon shot misses you.
You swap places.
You shoot a sling bullet. Riowkovo avoids your attack.
The sling bullet hits the swamp worm!
The swamp worm is heavily wounded.
The swamp worm barely misses Riowkovo.
Riowkovo hits the swamp worm.
You shoot a sling bullet. Riowkovo avoids your attack.
The sling bullet hits the swamp worm!
The swamp worm is almost dead.
The swamp worm bites Riowkovo.
Riowkovo hits the swamp worm!
The swamp worm dies!
No target in view!
Riowkovo hits the swamp worm.
You shoot a sling bullet. Riowkovo avoids your attack.
The sling bullet hits the swamp worm!
The swamp worm is heavily wounded.
The swamp worm fires a harpoon shot at you.
The harpoon shot hits Riowkovo!!
Riowkovo hits the swamp worm!
You shoot a sling bullet. Riowkovo avoids your attack.
The sling bullet hits the swamp worm.
The swamp worm is almost dead.
The swamp worm fires a harpoon shot at you.
The harpoon shot misses Riowkovo.
The harpoon shot hits you!!
You are yanked forward by the harpoon shot.
You collide with Riowkovo!
Riowkovo is destroyed!
Floosh!
You fall into the deep water.
You take 39 damage, and have 33/72 hp.
MASSIVE DAMAGE!!
You are too injured to fight recklessly!
You are too injured to fight recklessly!
You are too injured to fight recklessly!
Fire: b) +6 sling
Press: ? - help, Q - select action, (/) - cycle Shift-Dir - straight line, f/p - swamp worm
Aim: a swamp worm (almost dead, 69% to hit)
You shoot a sling bullet.
The sling bullet barely misses the swamp worm.
Fire: b) +6 sling
Press: ? - help, Q - select action, (/) - cycle Shift-Dir - straight line, f/p - swamp worm
Aim: a swamp worm (almost dead, 69% to hit)
You shoot a sling bullet.
The sling bullet barely misses the swamp worm.
The swamp worm closely misses you.
Fire: b) +6 sling
Press: ? - help, Q - select action, (/) - cycle Shift-Dir - straight line, f/p - swamp worm
Aim: a swamp worm (almost dead, 69% to hit)
You shoot a sling bullet.
The sling bullet barely misses the swamp worm.
The swamp worm misses you.
Fire: b) +6 sling
Press: ? - help, Q - select action, (/) - cycle Shift-Dir - straight line, f/p - swamp worm
Aim: a swamp worm (almost dead, 69% to hit)
You shoot a sling bullet.
The sling bullet barely misses the swamp worm.
The sling bullet closely misses the swamp worm.
The swamp worm bites you!!
* * * LOW HITPOINT WARNING * * *
You take 24 damage, and have 10/72 hp.
MASSIVE DAMAGE!!
As you read the scroll of teleportation, it crumbles to dust.
You feel strangely unstable. The swamp worm barely misses you.
The swamp worm closely misses you.
The swamp worm attacks as it pursues you!
The swamp worm bites you!!
You die...
Hepliaklqana delivers you to your ancestors.

#.. #..# #..# #..# #..#
#..# #..# #..# #..# #..#
#..# #..####..#
####..#####..###........#
................).#####.#
....##.###.......# #.# #
#..#~~~~~...# #.##
##.~~≈~≈~~#.# #...
##~~@~###~~~~# #..#
#~~w### ###≈~~# #..#
#~w~# #≈~# #..#
#~~~†~~w~~~ ~~# #..#
#~~~#~~w~~# ≈~# #..#
#~~≈###~### # #..# ..~~~
# #..# .####~~ #..# .. #~


You could see 2 swamp worms.

Vanquished Creatures
  An ugly thing (D:8)
  An unseen horror (D:6)
  A troll (D:9)
  Sigmund (D:2)
  A wyvern (D:8)
  12 yaks
  Menkaure (D:6)
  A water moccasin (D:8)
  4 orc warriors
  3 black bears
  2 centaurs (D:8)
  A phantom (D:6)
  2 kobold brigands
  4 bullfrogs
  4 scorpions
  10 killer bees
  3 howler monkeys
  2 bombardier beetles
  4 hounds
  3 jellies
  4 orc priests
  3 sleepcaps
  A gnoll bouda (D:6)
  4 iguanas
  7 orc wizards
  Robin (D:2)
  7 adders
  13 gnolls
  3 white imps
  An ufetubus (D:6)
  5 dart slugs
  A ribbon worm (D:1)
  28 orcs
  7 ball pythons
  3 bats
  10 endoplasms
  5 giant cockroaches
  12 goblins
  14 hobgoblins
  3 jackals (D:1)
  25 kobolds
  5 quokkas
  A frilled lizard (D:1)
  8 rats
232 creatures vanquished.

Vanquished Creatures (collateral kills)
  Grinder (D:6)
  2 wyverns
  4 yaks
  A steam dragon (D:6)
  A basilisk (D:8)
  A swamp worm (D:10)
  A water moccasin (D:7)
  An acid dragon (D:9)
  A sky beast (D:7)
  A kobold brigand (D:10)
  A gnoll sergeant (D:6)
  A howler monkey (D:9)
  An orc priest (D:8)
  3 orc wizards
  A gnoll (D:6)
  A shadow imp (D:6)
  A ribbon worm (D:1)
  4 endoplasms (D:1)
  A giant cockroach (D:1)
  3 jackals (D:1)
  2 kobolds (D:7)
  A rat (D:1)
34 creatures vanquished.

Vanquished Creatures (others)
  14 ancestors
  A goblin (D:2)
15 creatures vanquished.

Grand Total: 281 creatures vanquished

Notes
Turn   | Place    | Note
-------+----------+-------------------------------------------
     0 | D:1      | mdonais the Octopode Wanderer began the quest for the Orb.
     0 | D:1      | mdonais set off with the following items: a +2
                  | quarterstaff, a +0 mace, a +0 hat, a scroll of fear.
     0 | D:1      | Reached XP level 1. HP: 13/13 MP: 2/2
     1 | D:1      | Found a runed translucent door.
   217 | D:1      | Reached XP level 2. HP: 18/18 MP: 3/3
   446 | D:1      | Reached XP level 3. HP: 25/25 MP: 4/4
   663 | D:2      | Noticed Robin
   746 | D:2      | Noticed Sigmund
   883 | D:2      | Killed Sigmund
   884 | D:2      | Reached XP level 4. HP: 28/33 MP: 5/5
   884 | D:2      | Reached XP level 5. HP: 31/37 MP: 6/6
   903 | D:2      | Killed Robin
   904 | D:2      | Reached XP level 6. HP: 38/43 MP: 7/7
  1225 | D:2      | Found a faded altar of an unknown god.
  1420 | D:3      | Found a shadowy altar of Dithmenos.
  1659 | D:3      | Found a transporter.
  1706 | D:3      | Found a transporter.
  1714 | D:3      | Noticed Ikimono's ghost (amateur OnGl)
  2070 | D:3      | Learned a level 2 spell: Blink
  2170 | D:4      | Reached skill level 5 in Stealth
  2175 | D:4      | Reached skill level 1 in Translocations
  2175 | D:4      | Reached XP level 7. HP: 35/49 MP: 8/8
  2375 | D:4      | Found a staircase to the Ecumenical Temple.
  2389 | Temple   | Entered the Ecumenical Temple
  2398 | Temple   | Became a worshipper of Hepliaklqana the Forgotten
  2416 | D:4      | Reached skill level 5 in Fighting
  2760 | D:5      | Entered Level 5 of the Dungeon
  3235 | D:5      | Reached XP level 8. HP: 52/57 MP: 9/9
  3793 | D:6      | Noticed a wyvern
  3869 | D:6      | Reached * piety under Hepliaklqana
  3883 | D:6      | Found Tupaf's General Store.
  4178 | D:6      | Reached skill level 1 in Ranged Weapons
  4383 | D:6      | Reached skill level 2 in Ranged Weapons
  4565 | D:6      | Noticed Menkaure
  4569 | D:6      | Killed Menkaure
  4570 | D:6      | Reached skill level 3 in Ranged Weapons
  4570 | D:6      | Reached XP level 9. HP: 37/57 MP: 10/10
  4698 | D:6      | Reached skill level 4 in Ranged Weapons
  4821 | D:6      | Reached skill level 5 in Ranged Weapons
  5507 | D:6      | Bought 2 potions of lignification for 78 gold pieces
  5836 | D:7      | Reached skill level 6 in Ranged Weapons
  5871 | D:7      | Reached skill level 5 in Dodging
  6321 | D:8      | Reached skill level 7 in Ranged Weapons
  6331 | D:7      | HP: 1/59 [yak (4)]
  6574 | D:7      | Reached skill level 8 in Ranged Weapons
  6737 | D:8      | Reached XP level 10. HP: 64/64 MP: 11/11
  6898 | D:8      | Noticed a green ugly thing
  7039 | D:8      | Killed a green ugly thing
  7364 | D:8      | HP: 3/99 [yak (3)]
  7528 | D:8      | Found a staircase to the Lair.
  7557 | D:8      | Reached skill level 9 in Ranged Weapons
  7866 | D:6      | Noticed an unseen horror
  7875 | D:6      | Killed an unseen horror
  8072 | D:6      | Noticed Grinder
  8078 | D:6      | Killed Grinder
  8753 | D:7      | Reached XP level 11. HP: 72/72 MP: 12/12
  8813 | D:8      | Found an iron altar of Okawaru.
  9046 | D:8      | Reached skill level 10 in Fighting
  9046 | D:8      | Reached skill level 10 in Ranged Weapons
  9114 | D:9      | Found a broken altar of Ashenzari.
  9132 | D:9      | Reached ** piety under Hepliaklqana
 10214 | D:9      | Learned a level 3 spell: Ozocubu's Armour
 10265 | D:10     | Entered Level 10 of the Dungeon
 10270 | D:10     | Found a blossoming altar of Fedhas.
 10285 | D:10     | Identified the +1 robe of Knowledge {rElec rF+ rN+ Will-}
 10378 | D:10     | Reached skill level 11 in Ranged Weapons
 10480 | D:10     | Mangled by a swamp worm

Illustrated notes

Levels and vault maps discovered:
D:1:      dpeg_arrival_caged_fury, layout_basic, minmay_3d_cube
D:2:      layout_basic, shapermc_ecumenical_altar_mp_ritualfount, uniq_sigmund,
          uniq_robin
D:3:      layout_loops_corners, grunt_dithmenos_smoke_and_mirrors,
          gammafunk_ghost_gnarly_gnolls
D:4:      layout_rooms, minmay_temple_entry_butterflies
D:5:      layout_rooms
D:6:      minmay_opposing_rooms, layout_loops_ring, serial_shops, shop,
          uniq_menkaure, uniq_grinder
D:7:      layout_gridville, minmay_misc_feat_tower
D:8:      layout_loops_ring, mainiacjoe_overflow_small_starburst,
          minmay_lair_entry_grove
D:9:      layout_cave_pods, mainiacjoe_overflow_paths, minivault_27
D:10:     layout_long_grid, mainiacjoe_overflow_six_doors_small, worms_lemuel
Temple:   hc_temple_tempest_star

Skill      XL: |  1  2  3  4  5  6  7  8  9 10 11 |
---------------+----------------------------------+-----
Stealth        | 3 4 5 |  5.0
Fighting       | 2 4 6 7 8 9 10 | 10.0
Dodging        | 2 3 4 5 7 |  7.0
Staves         | 4 |  4.1
Translocations | 1 2 3 |  3.0
Ranged Weapons | 3 8 9 11 | 11.1
Evocations     | 2 |  2.0
Maces & Flails | |  1.0
Spellcasting   | |  1.0

Action                     |  1- 3 |  4- 6 |  7- 9 | 10-12 || total
---------------------------+-------+-------+-------+-------++-------
  Melee: Quarterstaff      |    43 |    66 |   154 |    19 ||   282
         Constrict         |     8 |    14 |    34 |     3 ||    59
         Tentacles         |     6 |    11 |    32 |     8 ||    57
   Fire: Sling             |       |       |   164 |   267 ||   431
  Throw: Dart              |       |     4 |    18 |       ||    22
         Boomerang         |       |       |     8 |       ||     8
 Invoke: Recall Ancestor   |       |       |     2 |     2 ||     4
  Evoke: Wand              |       |       |       |     4 ||     4
    Use: Potion            |     2 |       |     7 |     3 ||    12
         Scroll            |       |       |     2 |     9 ||    11
   Stab: Sleeping          |     6 |     9 |     8 |       ||    23
         Distracted        |     1 |     1 |     1 |       ||     3
 Armour: Skin              |    19 |    17 |   112 |    51 ||   199
  Dodge: Dodged            |    20 |    20 |    97 |    56 ||   193

Table legend: (Time is in decaauts)
 A = Elapsed time spent in this place.
 B = Non-inter-level travel time spent in this place.
 C = Inter-level travel time spent in this place.
 D = Time resting spent in this place.
 E = Time spent auto-exploring this place.
 F = Levels seen in this place.
 G = Mean time per level.
                   A        B        C        D        E       F      G
               +--------+--------+--------+--------+--------+-----+--------+
         Total |  10495 |   9577 |    918 |   2080 |   5074 |  11 |  954.1 |
       Dungeon |  10476 |   9575 |    901 |   2080 |   5074 |  10 | 1047.6 |
        Temple |     18 |      1 |     17 |      0 |      0 |   1 |   18.0 |
               +--------+--------+--------+--------+--------+-----+--------+

Top non-repeatable levels by time:
     D:7: 2200 daAuts
     D:6: 1726 daAuts
     D:9: 1155 daAuts
     D:8: 1009 daAuts
     D:5: 979 daAuts
     D:4: 882 daAuts
     D:3: 869 daAuts
     D:2: 758 daAuts
     D:1: 683 daAuts
    D:10: 211 daAuts
  Temple: 18 daAuts
